 Dungeon Crawl Stone Soup version 0.31-a0-1336-g7fd7ca34b5 (webtiles) character file.

Game seed: 14143002853477959427

1772792 MackTheKnife the Conqueror (level 27, 461/461 HPs)
             Began as an Oni Alchemist on Dec 21, 2023.
             Was a High Priest of Okawaru.
             Escaped with the Orb
             ... and 3 runes
             ... and 1 gem!
             The game lasted 02:08:11 (69896 turns).

MackTheKnife the Conqueror (Oni Alchemist)         Turns: 69896, Time: 02:08:11

Health: 461/461    AC: 29    Str: 29 (32) XL:     27
Magic:  41/41      EV: 20    Int: 15 (23) God:    Okawaru [*****.]
Gold:   4618       SH:  0    Dex: 16 (20) Spells: 19/54 levels left

rFire   + . .        k - +7 giant spiked club of Domination {freeze, Str+3 Dex+4, mace}
rCold   + . .        (shield currently unavailable)
rNeg    + . .        R - melded +0 acid dragon scales
rPois   ∞            (helmet restricted)
rElec   +            C - +1 cloak of Spite {Int+3}
rCorr   +            (gloves unavailable)
SInv    .            (boots unavailable)
Will    ++...        F - amulet "Ginam" {rF+ Regen+ Str+2}
Stlth   +            g - ring "Hugoaw" {^Contam +Blink rCorr Dex+6, =R}
HPRegen 1.76/turn    w - ring of protection from cold
MPRegen 0.27/turn

%: no passive effects
@: statue-form, very slow
A: slow and powerful, torment resistance 1, boosted hp, drunken brawling, large,
unfitting armour, horns 1, (tough skin 1), double potion healing, clever 1,
robust 1
0: Orb of Zot
}: 3/15 runes: serpentine, barnacled, slimy
a: Begin Untransformation, Renounce Religion, Evoke Blink, Heroism, Finesse,
Duel


You escaped.
You worshipped Okawaru.
Okawaru was extremely pleased with you.
You were a living statue of rough stone.
You visited 11 branches of the dungeon, and saw 52 of its levels.
You visited 1 ziggurat, and saw 9 of its levels.
You also visited: Trove, Sewer, Gauntlet, Volcano and Wizlab.

You collected 6330 gold pieces.
You spent 1712 gold pieces at shops.


Innate Abilities, Weirdness & Mutations

You are a living statue of rough stone.
Your actions are slow, but your melee attacks are powerful.
You are resistant to unholy torment.
Your maximum health is greatly increased.
Your equipment is partially melded.
Whenever you drink a potion that restores your health or magic, you attack all enemies around you.
You are too large for most types of armour.
You are immune to poison.
You have a pair of small horns on your head.
((You have tough skin. (AC +1)))
Whenever you drink a potion that restores your health or magic, it restores twice as much.
Your mind is acute. (Int +4, Str/Dex -1)
You are robust. (+10% HP)


   Skills:
 O Level 27 Fighting
 - Level 22.0 Maces & Flails
 - Level 4.1 Throwing
 + Level 19.7 Dodging
 - Level 1.4 Stealth
 - Level 14.0 Spellcasting
 - Level 2.2 Conjurations
 - Level 8.0 Hexes
 - Level 10.0 Translocations
 - Level 12.0 Alchemy
 - Level 10.0 Invocations
 - Level 2.0 Evocations
 - Level 16.0 Shapeshifting


You had 19 spell levels left.
You knew the following spells:

 Your Spells              Type           Power      Damage    Failure   Level
a - Sting                 Conj/Alch      100%       1d9       1%          1
b - Olgreb's Toxic Radia  Alch           46%        N/A       1%          4
c - Yara's Violent Unrav  Hex/Alch       20%        3d9       3%          5
d - Manifold Assault      Tloc           40%        N/A       1%          4
e - Blink                 Tloc           80%        N/A       1%          2
f - Apportation           Tloc           80%        N/A       1%          1
g - Passage of Golubria   Tloc           40%        N/A       1%          4
h - Leda's Liquefaction   Alch/Erth      14%        N/A       5%          4
i - Eringya's Noxious Bo  Alch           23%        4d6       7%          6
j - Vhi's Electric Charg  Tloc/Air       50%        N/A       9%          4

Your spell library contained the following spells:

 Spells                   Type           Power      Damage    Failure   Level
 Slow                     Hex            100%       N/A       1%          1
 Cigotuvi's Dreadful Rot  Necr/Alch/Air  44%        N/A       1%          2
 Jinxbite                 Hex            68%        N/A       1%          2
 Lesser Beckoning         Tloc           80%        N/A       1%          2
 Mercury Vapours          Alch/Air       56%        N/A       1%          2
 Momentum Strike          Conj/Tloc      56%        3d9       1%          2
 Passwall                 Alch/Erth      23%        N/A       1%          2
 Confusing Touch          Hex            34%        N/A       1%          3
 Gell's Gravitas          Tloc           40%        N/A       1%          3
 Teleport Other           Tloc           40%        N/A       1%          3
 Dimensional Bullseye     Hex/Tloc       18%        N/A       1%          4
 Alistair's Intoxication  Alch           30%        N/A       1%          5
 Dazzling Flash           Conj/Hex       50%        N/A       2%          3
 Mephitic Cloud           Conj/Alch/Air  24%        N/A       2%          3
 Volatile Blastmotes      Fire/Tloc      50%        2d14      2%          3
 Cause Fear               Hex            17%        N/A       2%          4
 Inner Flame              Hex/Fire       22%        N/A       3%          3
 Fulminant Prism          Conj/Alch      15%        3d10      3%          4
 Kiss of Death            Conj/Necr      52%        2d9       4%          1
 Shock                    Conj/Air       52%        1d6       4%          1
 Petrify                  Alch/Erth      28%        N/A       5%          4
 Sticky Flame             Fire/Alch      28%        2d7       5%          4
 Freeze                   Ice            40%        1d6       6%          1
 Necrotise                Necr           40%        1d6       6%          1
 Sandblast                Erth           20%        2d7       6%          1
 Static Discharge         Conj/Air       26%        3-5/arc   6%          2
 Scorch                   Fire           20%        2d5       10%         2
 Irradiate                Conj/Alch      15%        3d16      10%         5
 Hailstorm                Conj/Ice       13%        3d6       12%         3
 Stone Arrow              Conj/Erth      26%        3d8       12%         3
 Anguish                  Hex/Necr       11%        N/A       12%         4
 Frozen Ramparts          Ice            20%        1d4       19%         3
 Fugue of the Fallen      Necr           10%        N/A       19%         3
 Ozocubu's Armour         Ice            10%        N/A       19%         3
 Vampiric Draining        Necr           10%        2d6       19%         3
 Silence                  Hex/Air        11%        N/A       34%         5
 Brom's Barrelling Bould  Conj/Erth      13%        2d4       38%         4
 Flame Wave               Conj/Fire      13%        2d6       38%         4
 Dispel Undead            Necr           10%        3d9       54%         4
 Iskenderun's Battlesphe  Conj           17%        2d7       58%         5
 Fireball                 Conj/Fire      6%         3d5       75%         5
 Agony                    Necr           10%        N/A       87%         5
 Borgnjor's Vile Clutch   Necr/Erth      5%         N/A       87%         5
 Lee's Rapid Deconstruct  Erth           5%         3d6*      87%         5
 Enfeeble                 Hex            17%        N/A       90%         7
 Bombard                  Conj/Erth      6%         9d2       99%         6
 Starburst                Conj/Fire      6%         6d4       99%         6
 Ozocubu's Refrigeration  Ice            5%         4d8       100%        7
 Borgnjor's Revivificati  Necr           5%         N/A       100%        8
 Discord                  Hex            17%        N/A       100%        8
 Ignition                 Fire           5%         3d4       100%        8
 Lehudib's Crystal Spear  Conj/Erth      6%         10d3      100%        8
 Maxwell's Capacitive Co  Air            5%         ∞         100%        8
 Death's Door             Necr           5%         N/A       100%        9
 Tukima's Dance           Hex            Unusable   N/A       N/A         3
 Call Imp                 Summ           Unusable   N/A       N/A         2
 Sublimation of Blood     Necr           Unusable   N/A       N/A         2
 Call Canine Familiar     Summ           Unusable   N/A       N/A         3
 Summon Forest            Summ/Tloc      Unusable   N/A       N/A         5
 Animate Armour           Summ/Erth      Unusable   N/A       N/A         4
 Animate Dead             Necr           Unusable   N/A       N/A         4
 Summon Ice Beast         Ice/Summ       Unusable   N/A       N/A         4
 Summon Lightning Spire   Summ/Air       Unusable   N/A       N/A         4
 Simulacrum               Ice/Necr       Unusable   N/A       N/A         6
 Summon Cactus Giant      Summ           Unusable   N/A       N/A         6
 Haunt                    Necr/Summ      Unusable   N/A       N/A         7
 Spellforged Servitor     Conj/Summ      Unusable   N/A       N/A         7
 Summon Hydra             Summ           Unusable   N/A       N/A         7
 Infestation              Necr           Unusable   N/A       N/A         8
 Summon Horrible Things   Summ           Unusable   N/A       N/A         8
 Dragon's Call            Summ           Unusable   N/A       N/A         9

Inventory:

Hand Weapons
 k - the +7 giant spiked club of Domination (weapon) {freeze, Str+3 Dex+4, mace}
   (Okawaru gifted it to you on level 10 of the Dungeon)

   Str+3:     It affects your strength (+3).
   Dex+4:     It affects your dexterity (+4).
 s - the +4 giant spiked club of the Warrior {vamp, Will- Dex+5 SInv, mace}
   (You found it in a treasure trove)

   Dex+5:     It affects your dexterity (+5).
   Will-:     It decreases your willpower.
   SInv:      It lets you see invisible.
Armour
 l - +2 pearl dragon scales {rare=g}
   (You found it on level 5 of a ziggurat)
 n - +0 gold dragon scales {rare}
   (You found it on level 1 of the Depths)
 C - the +1 cloak of Spite (worn) {Int+3}
   (You found it on level 8 of a ziggurat)

   Int+3:     It affects your intelligence (+3).
 R - +0 acid dragon scales (melded)
   (You found it on level 12 of the Dungeon)
Jewellery
 f - a ring of willpower
   (You found it on level 6 of the Dungeon)
 g - the ring "Hugoaw" (left fist) {^Contam +Blink rCorr Dex+6, =R}
   (You acquired it on level 2 of the Shoals)

   [ring of dexterity]

   Dex+6:     It affects your dexterity (+6).
   +Blink:    It lets you blink.
   ^Contam:   It causes magical contamination when unequipped.
   rCorr:     It protects you from acid and corrosion.
 w - a ring of protection from cold (right fist)
   (You found it on level 5 of the Dungeon)
 x - the amulet "Qixi" {Will+ Regen+ Int+4}
   (You found it in a treasure trove)

   [amulet of regeneration]

   Int+4:     It affects your intelligence (+4).
   Will+:     It increases your willpower.
   Regen+:    It increases your rate of health regeneration.
 y - a ring of protection from fire
   (You found it on level 6 of a ziggurat)
 F - the amulet "Ginam" (around neck) {rF+ Regen+ Str+2}
   (You took it off a deep elf annihilator on level 3 of the Elven Halls)

   [amulet of regeneration]

   Str+2:     It affects your strength (+2).
   rF+:       It protects you from fire.
   Regen+:    It increases your rate of health regeneration.
 I - a ring of flight
   (You found it on level 3 of the Lair of Beasts)
 Q - a ring of see invisible
   (You found it on level 10 of the Dungeon)
Talismans
 P - a granite talisman (active)
   (You found it in a volcano)
Wands
 a - a wand of digging (45)
   (You found it on level 6 of the Dungeon)
 t - a wand of quicksilver (28)
   (You found it on level 1 of the Elven Halls)
 u - a wand of paralysis (49)
   (You found it on level 3 of the Dungeon)
 J - a wand of iceblast (21)
   (You found it on level 3 of the Elven Halls)
Scrolls
 c - 8 scrolls of immolation {!r!r}
 e - 2 scrolls of silence {!r}
 h - 5 scrolls of fog
 i - 16 scrolls of teleportation {@r4}
 m - 2 scrolls of revelation
 o - 2 scrolls of brand weapon
 A - 5 scrolls of poison {!r}
 B - 12 scrolls of fear
 E - 5 scrolls of vulnerability {!r!r}
 N - 6 scrolls of blinking {!r}
 T - 10 scrolls of enchant weapon
 V - 6 scrolls of enchant armour
Potions
 b - a potion of magic
 d - 3 potions of berserk rage {!q}
 j - 10 potions of attraction {!q}
 p - 10 potions of enlightenment
 q - 2 potions of brilliance
 r - 9 potions of mutation {!q}
 D - a potion of heal wounds {@q2}
 H - 2 potions of invisibility
 K - 4 potions of cancellation
 L - 11 potions of curing {@q1}
 M - 11 potions of might
 O - 9 potions of haste {@q3}
 S - 4 potions of resistance
Miscellaneous
 v - a phantom mirror
   (You found it on level 2 of the Vaults)

Dungeon Overview and Level Annotations

Branches:
Dungeon (15/15)            Temple (1/1) D:5            Lair (5/5) D:10
 Shoals (4/4) Lair:3        Snake (4/4) Lair:3        Slime (5/5) Lair:4
    Orc (2/2) D:10            Elf (3/3) Orc:2        Vaults (4/5) D:14
  Crypt (0/3) Vaults:3     Depths (4/4) D:15            Zot (5/5) Depths:4
  Sewer (visited)         Volcano (visited)          WizLab (visited)
Gauntlet (visited)

Altars:
Ashenzari
Cheibriados
Dithmenos
Elyvilon
Fedhas
Gozag
Hepliaklqana
Kikubaaqudgha
Makhleb
Nemelex Xobeh
Okawaru
Qazlal
Ru
Sif Muna
Trog
Uskayaw
Vehumet
Wu Jian
Xom
Yredelemnul
Zin
The Shining One
Jiyva

Shops:
D:10 :   Orc:2 [**=(   Elf:2 (:*   Shoals:2 :   Snake:2 ?*[(   Snake:3 ?
Snake:4 (   Vaults:3 [   Vaults:4 :   Depths:2 (

Portals:
Hell: Depths:1 Depths:2 Depths:3 Depths:4
Abyss: Depths:3
Pandemonium: Orc:2 Depths:2

Annotations:
D:5 exclusion: 2 water moccasins
D:9 exclusion: downstairs
Elf:2 3 runed translucent doors
Vaults:3 1 runed translucent door, Iwannabefree's ghost, veteran NaIE
Depths:1 3 runed translucent doors, Bahe's ghost, veteran DgCj
Depths:2 1 exclusion ###.##### P♣.P .PP♣P #.# ....# .PP..P♣.♣P♣P..P# #.# ##### #PPP♣PP.PPPPP..P# #.# #PP.P..PP♣.PPP.P####.# P..PP..P.♣.P.P #..†.# P.P♣.♣PP♣PPP♣

###### ###################
###.................###
#.....##...8...##.....#
#.#.................#.######
#.#####.#.######.#.##.......
#.# #.#.# #.#.##.######
####.#####.#.# ##.#.##.#
###..........#.#####....##.#
....########...............#
##### #...#####...#####
##### #####


There were no monsters in sight!


Message History

The Orb Guardian hits you but does no damage.
The ufetubus barely misses you. The ufetubus closely misses you.
The ufetubus hits you but does no damage.
The ufetubus misses you. 😕 HP[+2]
You regained 2 hp, and now have 419/461 hp.
The Orb Guardian barely misses you.
The ufetubus hits you but does no damage.
The ufetubus closely misses you. The ufetubus barely misses you.
The ufetubus hits you but does no damage.
The Orb Guardian misses you. The ufetubus misses you.
The ufetubus barely misses you.
You climb upwards.
There is a stone staircase leading down, spattered with blood here. 😕 HP[+7]
You regained 7 hp, and now have 426/461 hp.
You bludgeon the Orb Guardian!! You freeze the Orb Guardian!
You kill the Orb Guardian!
Okawaru accepts your kill. 😕 HP[+2]
You regained 2 hp, and now have 428/461 hp.
No target in view!
No target in view!
What level of the Dungeon? (default 1, ? - help)
A ynoxinul comes into view. 😕 HP[+23]
You regained 23 hp, and now have 451/461 hp.
Unknown command. 😕 HP[+3]
You regained 3 hp, and now have 454/461 hp. 😕 HP[+3]
You regained 3 hp, and now have 457/461 hp. 😕 HP[+2]
You regained 2 hp, and now have 459/461 hp. 😎 HP[+2]
Your hp is fully restored (461).
The ynoxinul gestures at you.
The iron shot hits you but does no damage.
The ynoxinul gestures.
There is a stone staircase leading down here.
The ynoxinul gestures.
The ufetubus barely misses you. The ufetubus closely misses you.
The ynoxinul gestures.
The ufetubus attacks as it pursues you!
The ufetubus hits you but does no damage.
The ufetubus barely misses you.
The ufetubus hits you but does no damage.
The ufetubus closely misses you. The ufetubus slips past you!
The ufetubus misses you. x2
The ufetubus barely misses you. The ufetubus misses you.
The ufetubus barely misses you. x2
The ufetubus hits you but does no damage.
The ufetubus barely misses you.
You beat the ufetubus like a drum!!!
You freeze the ufetubus.
You kill the ufetubus!
The ufetubus disappears in a puff of smoke!
The ufetubus barely misses you.
The ufetubus hits you but does no damage. x2
The ufetubus misses you.
The ynoxinul gestures.
The ufetubus disappears in a puff of smoke! x2
The ufetubus attacks as it pursues you! The ufetubus misses you.
The ufetubus hits you but does no damage.
The ufetubus attacks as it pursues you! The ufetubus barely misses you.
The ufetubus closely misses you. The ufetubus completely misses you. x2
The ufetubus closely misses you.
The ufetubus hits you but does no damage.
The ufetubus completely misses you. The ufetubus barely misses you.
The ufetubus attacks as it pursues you! The ufetubus barely misses you.
The ufetubus closely misses you.
The ufetubus hits you but does no damage.
The ufetubus misses you. The ufetubus slips past you!
The ufetubus closely misses you. x2; The ufetubus completely misses you. x2
There is a stone staircase leading up here.
The ufetubus closely misses you. The ufetubus barely misses you.
The ufetubus misses you.
The ufetubus hits you but does no damage.
The ufetubus hits you. The ufetubus barely misses you.
The ufetubus closely misses you. x2; The ufetubus barely misses you.
The ufetubus hits you but does no damage. x2
The ufetubus completely misses you. x2; The ufetubus hits you.
The ufetubus barely misses you.
The ufetubus hits you but does no damage.
The ufetubus barely misses you. The ufetubus misses you.
You climb upwards.
There is a stone staircase leading down here. 😕 HP[-1]
You take 1 damage, and now have 460/461 hp.
What level of the Dungeon? (default 1, ? - help)
An endoplasm is nearby!
The endoplasm quivers. 😎 HP[+1]
Your hp is fully restored (461).
There is a stone staircase leading up here.
You climb upwards.
There is a stone staircase leading down here.
What level of the Dungeon? (default 1, ? - help) You're already here!
There is a staircase leading out of the dungeon here.
You have escaped!

Skill      XL: |  1  2  3  4  5  6  7  8  9 10 11 12 13 14 15 16 17 18 19 20 21 22 23 24 25 26 27 |
---------------+----------------------------------------------------------------------------------+-----
Conjurations   | 1 2 |  2.2
Alchemy        | 3 5 8 10 11 12 | 12.0
Fighting       | 2 4 6 7 10 13 16 18 20 21 23 25 27 | 27.0
Maces & Flails | 3 5 8 10 12 13 15 16 18 20 21 22 | 22.0
Evocations     | 2 |  2.0
Invocations    | 6 10 | 10.0
Dodging        | 5 10 11 15 16 19 | 19.7
Shapeshifting  | 2 7 12 16 | 16.0
Throwing       | 4 |  4.1
Translocations | 8 10 | 10.0
Spellcasting   | 9 10 11 14 | 14.0
Hexes          | 6 8 |  8.0
Stealth        | |  1.4

Action                     |  1- 3 |  4- 6 |  7- 9 | 10-12 | 13-15 | 16-18 | 19-21 | 22-24 | 25-27 || total
---------------------------+-------+-------+-------+-------+-------+-------+-------+-------+-------++-------
  Melee: Dagger            |    22 |       |       |       |       |       |       |       |       ||    22
         Unarmed           |     1 |       |       |       |       |       |       |       |       ||     1
         Headbutt          |     4 |    19 |    46 |   125 |   208 |   176 |   224 |    74 |    64 ||   940
         Whip              |    32 |    72 |   192 |   601 |   536 |       |       |       |       ||  1433
         Punch             |       |     2 |     3 |     6 |    14 |       |       |       |       ||    25
         Giant spiked club |       |       |       |       |   258 |   824 |   983 |   673 |   871 ||  3609
  Throw: Dart              |       |    10 |       |       |       |       |       |       |       ||    10
         Throwing net      |       |       |       |     1 |       |       |       |       |       ||     1
   Cast: Sting             |    76 |    31 |    74 |     2 |       |       |       |       |       ||   183
         Olgreb's Toxic Ra |       |       |    15 |    92 |   122 |    82 |     6 |       |       ||   317
         Manifold Assault  |       |       |       |       |       |       |     2 |   230 |   325 ||   557
         Leda's Liquefacti |       |       |       |       |       |       |       |     1 |       ||     1
         Eringya's Noxious |       |       |       |       |       |       |       |       |     1 ||     1
 Invoke: Finesse           |       |       |       |       |     8 |    14 |    15 |     3 |     9 ||    49
         Heroism           |       |       |       |       |     7 |    15 |    24 |     6 |    11 ||    63
         Receive Weapon    |       |       |       |       |     1 |       |       |       |       ||     1
  Evoke: Wand              |       |       |    10 |     7 |     9 |     5 |    15 |     3 |     3 ||    52
    Use: Scroll            |     4 |     2 |     5 |     9 |    13 |    13 |     3 |     5 |    14 ||    68
         Potion            |     1 |     1 |     1 |    10 |    12 |     5 |     1 |     8 |    15 ||    54
   Stab: Paralysed         |       |       |    26 |     2 |    10 |       |       |       |       ||    38
         Sleeping          |       |       |     1 |       |     6 |     2 |     2 |       |     1 ||    12
         Petrified         |       |       |       |     3 |       |       |       |       |       ||     3
         Invisible         |       |       |       |       |    10 |       |       |       |       ||    10
         Distracted        |       |       |       |       |       |     1 |     1 |     2 |       ||     4
 Armour: Robe              |    53 |    61 |   141 |   345 |   499 |    14 |       |       |       ||  1113
         Acid dragon scale |       |       |       |       |       |   426 |       |       |       ||   426
         Skin              |       |       |       |       |       |   869 |  1389 |   399 |   556 ||  3213
  Dodge: Dodged            |    39 |    38 |    83 |   162 |   289 |   749 |   896 |   216 |   504 ||  2976
  Block: Other             |       |       |       |       |       |    31 |   251 |    24 |       ||   306
         Reflection        |       |       |       |       |       |     3 |    30 |     4 |       ||    37
   Form: Statue            |       |       |       |       |       |     1 |       |       |       ||     1

Levels and vault maps discovered:
D:1:      minmay_arrival_arboretum_small, layout_loops_ring
D:2:      layout_loops_corners, basic_altar, hellmonk_ecumenical_altar_blasted,
          kennysheep_potato
D:3:      layout_basic, nicolae_vehumet_radiance
D:4:      layout_layer_cave, makhleb_blood_cavern_becter,
          cheibrodos_sewer_entry_drain, kennysheep_donut
D:5:      kennysheep_steamy, layout_basic, minmay_temple_entry_mist, uniq_pikel
D:6:      layout_basic, mainiacjoe_overflow_alcove_1,
          corexii_item_surrounded_by_moat, grunt_ministairs_15, hex_tiny
D:7:      layout_basic, mainiacjoe_overflow_24_doors, lemuel_tele_altar,
          grunt_ministairs_1, hellmonk_guarded_unrand_lears
D:8:      layout_loops_cross, grunt_potential, uniq_psyche
D:9:      layout_loops_ring
D:10:     layout_basic, grunt_lair_entry_orc_guard_hut, orc_0_dummy,
          nicolae_inconvenience_store, uniq_sonja, uniq_lodul, uniq_erolcha
D:11:     layout_stronghold, nicolae_qazlal_style_of_elements
D:12:     layout_roguey, uniq_kirke, uniq_nergalle, uniq_jorgrun
D:13:     layout_gridville, nemelex_xobeh_ov_fountains_minmay, uniq_nessos
D:14:     layout_rooms, grunt_vaults_entry_fortified, serial_bayou,
          serial_bayou_shore_a, serial_bayou_pond_e, serial_bayou_pond_d,
          serial_bayou_pond_d
D:15:     hellmonk_depths_entry_around_the_bend, layout_rooms,
          kennysheep_vampire_church
Temple:   minmay_temple_bridge_d
Lair:1:   layout_chaotic_city, minivault_11, serial_bayou_shore_b,
          grunt_megastairs_3, infiniplex_staircase_pool_2
Lair:2:   layout_cave_pods, uniq_prince_ribbit2
Lair:3:   layout_loops_ring, minmay_shoals_entry_hut,
          nicolae_snake_entry_squirm, gauntlet_entry_generic,
          portal_ice_cave_entry_ice_simulacra, nicolae_lair_grazing_beasts
          [nicolae_sub_lair_graze_edge, nicolae_sub_lair_graze_edge,
          nicolae_sub_lair_graze_edge, nicolae_sub_lair_graze_edge]
Lair:4:   layout_hall_layers, slime_entry_1, infiniplex_staircase_pool,
          uniq_snorg
Lair:5:   minmay_lair_end_enchanted_forest, layout_concentric_octagons,
          lemuel_fruit_tree
Shoals:1: layout_shoals
Shoals:2: layout_shoals, serial_shops, nicolae_shop_pleasant_corner_grove,
          nicolae_shoals_hidden_pirate_stash
Shoals:3: layout_shoals
Shoals:4: shoals_end_hangedman, layout_shoals,
          nicolae_shoals_nautilus_by_nature, hangedman_feature_mirror
Snake:1:  layout_onion_interference
Snake:2:  layout_onion, nicolae_snake_gridmaze_spiral, minmay_shoptagon
Snake:3:  layout_onion, serial_shops, nicolae_take_the_stairs,
          grunt_megastairs_4, uniq_agnes
Snake:4:  hellmonk_snake_rune_quicksilver_temple, layout_cave_town,
          serial_shops, nicolae_shop_bloodbath_and_beyond,
          statue_in_the_mist_lemuel, uniq_aizul
Slime:1:  layout_caves
Slime:2:  layout_caves, nicolae_slime_rock_hall_of_fame
Slime:3:  layout_caves
Slime:4:  layout_caves
Slime:5:  slime_pit_nicolae_block_by_block
Orc:1:    layout_caves, basic_altar, trog_butcher_becter, uniq_fannar,
          uniq_erica, uniq_urug
Orc:2:    pf_orc_diabolical, layout_diamond_mine, serial_shops,
          nicolae_shop_dealshenge, nicolae_volcano_entry_two_sided,
          nicolae_orc_rockfall
Elf:1:    elf_arrival_001, layout_gridlike, minmay_elf_sorcery, uniq_azrael
Elf:2:    nicolae_elf_blades_crystal_corner, layout_loops_cross, serial_shops,
          shop, nicolae_shop_gibbet_a_chance, shop,
          dreamdust_deal_with_the_devil
Elf:3:    minmay_elf_hall_dome, layout_geoelf_castle
Vaults:1: nicolae_vaults_network_periphery, vaults_mumra_minichess,
          nicolae_vaults_diagonal_hallway_8, ontoclasm_vaults_shuriken,
          nicolae_vaults_border_crossing, nicolae_vaults_trapezoid_3,
          nicolae_vaults_offset_grid_hallway_3, ontoclasm_vaults_spin,
          ontoclasm_vaults_fault, layout_vaults_chaotic_city,
          serial_magic_research, hangedman_research_thanatology
Vaults:2: mu_enter_wizlab_5, ontoclasm_vaults_ring_square,
          ontoclasm_vaults_chip, nicolae_vaults_turnstiles, vaults_dpeg_cross,
          nicolae_vaults_tetromino_L_1, nicolae_vaults_closet_pinwheel_4,
          layout_vaults_quadrants
Vaults:3: ebering_ghost_reflecting_pool, nicolae_vaults_shelves_hall,
          v_alt_pattern_6, nicolae_vaults_hexular_roomagon,
          nicolae_vaults_storage_closets_3, blue_anna_dwarven_crypt,
          hangedman_vaults_impose, nicolae_vaults_trapezoid_layered,
          nicolae_vaults_frosty_reception, nicolae_vaults_prndl,
          nicolae_vaults_surprise_closet, ontoclasm_vaults_chip,
          layout_vaults_omnicross, serial_shops, shop
Vaults:4: v_misc_12, nicolae_vaults_octothorpe, nicolae_vaults_little_squares_2,
          lightli_church_of_beogh, vaults_room_pool, vaults_room_door_ring,
          v_alt_pattern_2, nicolae_vaults_hallways_thing, v_pattern_2,
          nicolae_vaults_closet_pinwheel_6, nicolae_vaults_oval_intersection,
          vaults_room_hallway, vaults_room_pools, nicolae_vaults_stepped_doors,
          nicolae_vaults_heart-shaped_vault, nicolae_vaults_diamond_2,
          layout_vaults_ring, serial_shops, shop, uniq_mara
Depths:1: minmay_the_grid_octo_tiled_octocenter [minmay_the_grid_octo_clover_2,
          minmay_the_grid_octo_horde, minmay_the_grid_octo_teeth,
          minmay_the_grid_octo_77, minmay_the_grid_octo_prize_star,
          minmay_the_grid_square_5x5_checkered_statues,
          minmay_the_grid_square_5x5_tie, minmay_the_grid_square_5x5_slash,
          minmay_the_grid_square_5x5_corner], layout_basic,
          nicolae_ru_path_of_blood, pf_hell_entry_tar_spiral,
          nicolae_trove_entry_crossroad, gammafunk_ghost_necromancy,
          okawaru_ov_weapons_minmay, uniq_nikola
Depths:2: hangedman_elemental_death_ray, layout_cave_shapes,
          rand_demon_pan_entry_7, dk_noncrumbling_2, grunt_hell_entry_dis_mu,
          serial_shops, kennysheep_mini_moat, roderic_roman_lattice,
          minmay_misc_feat_five, uniq_vv
Depths:3: bobbens_index_wilting_gardens, layout_gridville, enter_ziggurat_b,
          hell_entry, minmay_misc_feat_diagonals, hangedman_abyss_entry_splay,
          uniq_margery, uniq_boris
Depths:4: grunt_zot_entry_alcove, layout_cave_shapes, minmay_misc_feat_doors,
          hell_entry
Zot:1:    layout_basic, regret_index_zotdec_dark_gr, st_single_dragon_hoard_1
Zot:2:    gammafunk_sealed_library, layout_gridville,
          regret_index_zotdec_slimy_original
Zot:3:    layout_concentric_octagons, hangedman_zot_decor_checkerboard
Zot:4:    layout_cellular_growth, regret_index_zotdec_misc_clamp,
          hangedman_zot_gyre, nicolae_zot_crop_circle, uniq_josephina
Zot:5:    layout_misc_corridors

Notes
Turn   | Place    | Note
-------+----------+-------------------------------------------
     0 | D:1      | MackTheKnife the Oni Alchemist began the quest for the Orb.
     0 | D:1      | Reached XP level 1. HP: 16/16 MP: 3/3
     0 | D:1      | magus.rc [v1.9.6]
    48 | D:1      | Reached skill level 1 in Conjurations
   209 | D:1      | Gained mutation: Whenever you drink a potion that restores
                  | your health or magic, it restores twice as much. [Oni
                  | growth]
   209 | D:1      | Gained mutation: You have a pair of small horns on your
                  | head. [Oni growth]
   209 | D:1      | Gained mutation: You have tough skin. (AC +1) [Oni growth]
   209 | D:1      | Reached XP level 2. HP: 24/24 MP: 1/5
   265 | D:1      | Reached skill level 3 in Alchemy
  1047 | D:2      | Found a faded altar of an unknown god.
  1122 | D:2      | Reached XP level 3. HP: 31/31 MP: 2/6
  1307 | D:2      | Found a shimmering altar of Xom.
  1319 | D:2      | Reached skill level 2 in Conjurations
  2123 | D:2      | magus.rc [v1.9.6]
  2375 | D:3      | Found a radiant altar of Vehumet.
  2589 | D:3      | Identified the +0 robe "Wimpory" {+Inv Str-3 Int+6 SInv}
  2702 | D:4      | Reached skill level 1 in Fighting
  2778 | D:4      | HP: 3/33 [sleepcap (8)]
  2782 | D:4      | Reached skill level 2 in Fighting
  2782 | D:4      | Reached XP level 4. HP: 40/44 MP: 0/7
  2796 | D:4      | Found a glowing drain.
  2889 | Sewer    | Entered a sewer
  2889 | Sewer    | Noticed a brain worm
  2894 | Sewer    | Killed a brain worm
  2895 | Sewer    | Reached skill level 4 in Fighting
  2895 | Sewer    | Reached XP level 5. HP: 48/55 MP: 5/8
  2930 | Sewer    | Noticed Pargi
  2936 | Sewer    | Killed Pargi
  2937 | Sewer    | Reached skill level 6 in Fighting
  2937 | Sewer    | Reached XP level 6. HP: 42/67 MP: 4/9
  3851 | D:4      | Reached skill level 1 in Maces & Flails
  4289 | D:4      | Found a burning altar of Makhleb.
  4314 | D:4      | Reached skill level 2 in Maces & Flails
  5040 | D:3      | Reached skill level 3 in Maces & Flails
  5225 | D:5      | Entered Level 5 of the Dungeon
  5304 | D:5      | Reached XP level 7. HP: 65/75 MP: 5/10
  5545 | D:5      | Noticed Pikel
  5833 | D:5      | Killed Pikel
  5834 | D:5      | Reached skill level 5 in Maces & Flails
  5834 | D:5      | Reached skill level 2 in Evocations
  5834 | D:5      | Reached skill level 7 in Fighting
  5834 | D:5      | Reached XP level 8. HP: 65/88 MP: 7/11
  5920 | D:5      | Found a staircase to the Ecumenical Temple.
  5938 | Temple   | Entered the Ecumenical Temple
  6007 | D:5      | Reached skill level 8 in Fighting
  6580 | D:5      | Reached skill level 9 in Fighting
  6951 | D:6      | Reached skill level 10 in Fighting
  7047 | D:6      | Reached skill level 4 in Alchemy
  7338 | D:6      | You fall into a shaft and drop 1 floor!
  7343 | D:7      | Noticed a hornet
  7369 | D:7      | Reached skill level 5 in Alchemy
  7369 | D:7      | Reached XP level 9. HP: 69/101 MP: 8/12
  7382 | D:7      | Identified the +0 robe of the Trees {rN+ Regen+ Int+4}
  7417 | D:7      | Learned a level 4 spell: Olgreb's Toxic Radiance
  7593 | D:7      | Reached skill level 6 in Alchemy
  7620 | D:7      | Noticed a troll
  8242 | D:6      | Reached skill level 7 in Alchemy
  8523 | D:6      | Found an iron altar of Okawaru.
  8595 | D:6      | Became a worshipper of Warmaster Okawaru
  8767 | D:7      | Paralysed by a hornet for 1 turns
  8771 | D:7      | Killed a hornet
  8785 | D:7      | Reached skill level 8 in Alchemy
  8949 | D:7      | Found a white marble altar of Elyvilon.
  9062 | D:7      | Found a shimmering blue altar of Sif Muna.
  9223 | D:7      | Killed a troll
  9223 | D:7      | Reached * piety under Okawaru
  9309 | D:7      | Found the +18 Lear's hauberk
  9719 | D:8      | Reached XP level 10. HP: 101/108 MP: 11/13
  9870 | D:8      | Noticed Psyche
  9880 | D:8      | Killed Psyche
  9881 | D:8      | Reached skill level 11 in Fighting
  9881 | D:8      | Reached skill level 6 in Maces & Flails
  9980 | D:8      | Reached ** piety under Okawaru
 10390 | D:8      | Noticed a deep elf pyromancer
 10405 | D:8      | Killed a deep elf pyromancer
 10406 | D:8      | Reached skill level 7 in Maces & Flails
 10420 | D:8      | Reached skill level 12 in Fighting
 10425 | D:8      | Reached *** piety under Okawaru
 10796 | D:8      | Reached skill level 8 in Maces & Flails
 11095 | D:8      | You pick up a book of Touch and begin reading...
 11095 | D:8      | You add the spells Kiss of Death, Confusing Touch and
                  | Dispel Undead to your library.
 11200 | D:9      | Reached skill level 13 in Fighting
 11380 | D:9      | Reached **** piety under Okawaru
 11526 | D:9      | Reached XP level 11. HP: 107/127 MP: 5/14
 12313 | D:9      | Reached skill level 9 in Maces & Flails
 12474 | D:10     | Entered Level 10 of the Dungeon
 12474 | D:10     | Noticed Sonja
 12625 | D:10     | Killed Sonja
 12625 | D:10     | Reached ***** piety under Okawaru
 12626 | D:10     | Reached skill level 14 in Fighting
 12760 | D:10     | Found a staircase to the Orcish Mines.
 12766 | D:10     | Noticed a two-headed ogre
 12783 | D:10     | Killed a two-headed ogre
 12902 | D:10     | Noticed Erolcha
 12930 | D:10     | Noticed Lodul
 13181 | D:10     | Killed Lodul
 13181 | D:10     | Received a gift from Okawaru
 13182 | D:10     | Reached skill level 10 in Maces & Flails
 13197 | D:10     | HP: 24/131 [ogre/+0 giant club[Lodul] (14)]
 13391 | D:10     | Reached skill level 15 in Fighting
 13668 | D:10     | Found Inagoak's Book Shop.
 13954 | D:10     | Found a staircase to the Lair.
 14190 | Lair:1   | Entered Level 1 of the Lair of Beasts
 14260 | Lair:1   | Reached skill level 16 in Fighting
 14385 | Lair:1   | Received a gift from Okawaru
 15133 | Lair:1   | Reached XP level 12. HP: 112/146 MP: 3/15
 15552 | Lair:2   | Reached skill level 17 in Fighting
 15672 | Lair:2   | Received a gift from Okawaru
 15687 | Lair:2   | Noticed a catoblepas
 15719 | Lair:2   | Killed a catoblepas
 15720 | Lair:2   | Reached skill level 11 in Maces & Flails
 15885 | Lair:2   | You pick up a book of the Earth and begin reading...
 15885 | Lair:2   | You add the spells Leda's Liquefaction, Lee's Rapid
                  | Deconstruction and Bombard to your library.
 16139 | Lair:2   | Noticed a seven-headed hydra
 16148 | Lair:2   | Noticed a death yak
 16148 | Lair:2   | Noticed a death yak
 16165 | Lair:2   | Killed a death yak
 16195 | Lair:2   | Killed a death yak
 16585 | Lair:2   | Reached skill level 18 in Fighting
 16607 | Lair:2   | Reached skill level 12 in Maces & Flails
 16610 | Lair:2   | Received a gift from Okawaru
 16611 | Lair:2   | Reached skill level 1 in Invocations
 16618 | Lair:2   | Reached skill level 2 in Invocations
 16740 | Lair:2   | Noticed Prince Ribbit
 16752 | Lair:2   | Killed Prince Ribbit
 16753 | Lair:2   | Reached skill level 3 in Invocations
 16758 | Lair:2   | Reached skill level 4 in Invocations
 17294 | Lair:2   | Reached skill level 5 in Invocations
 17311 | Lair:2   | Reached skill level 6 in Invocations
 17466 | Lair:3   | Reached XP level 13. HP: 126/158 MP: 6/17
 17490 | Lair:3   | Reached skill level 7 in Invocations
 17493 | Lair:3   | Received a gift from Okawaru
 17614 | Lair:3   | Found a gate leading to a gauntlet.
 17623 | Gauntlet | Entered a Gauntlet
 17623 | Gauntlet | Found a transporter.
 17623 | Gauntlet | Found a transporter.
 17623 | Gauntlet | Found a runed translucent door.
 17623 | Gauntlet | Found a runed translucent door.
 17642 | Gauntlet | Found a transporter.
 17645 | Gauntlet | Found a transporter.
 17653 | Gauntlet | Found a transporter.
 17657 | Gauntlet | Found a transporter.
 17665 | Gauntlet | Found a transporter.
 17682 | Gauntlet | Found a transporter.
 17696 | Gauntlet | Found a transporter.
 17700 | Gauntlet | Found a transporter.
 17708 | Gauntlet | Found a transporter.
 17712 | Gauntlet | Found a transporter.
 17760 | Gauntlet | Reached skill level 8 in Invocations
 17762 | Gauntlet | Noticed a green very ugly thing
 17763 | Gauntlet | Noticed an ironbound thunderhulk
 17763 | Gauntlet | Noticed an ironbound thunderhulk
 17765 | Gauntlet | HP: 39/158 [ironbound thunderhulk/+0 dire flail[a
                  | worldbinder] (36)]
 17782 | Gauntlet | Noticed a white very ugly thing
 17782 | Gauntlet | Noticed an ironbound thunderhulk
 18002 | Gauntlet | Reached skill level 9 in Invocations
 18139 | Gauntlet | Noticed a minotaur
 18158 | Gauntlet | HP: 29/158 [minotaur/staff of conjuration (21)]
 18160 | Gauntlet | Killed a minotaur
 18276 | Gauntlet | Identified the +1 robe "Otunymid" {rPois Dex+3 Slay+2}
 18276 | Gauntlet | Identified the +4 battleaxe of Muvvuub {holy, rN+ Int+3}
 18276 | Gauntlet | Identified the +1 leather armour of the Eagle {rCorr}
 18277 | Gauntlet | You pick up a book of the Tundra and begin reading...
 18354 | Lair:3   | Found a staircase to the Shoals.
 18782 | Lair:3   | Found a staircase to the Snake Pit.
 19056 | Lair:4   | Reached skill level 10 in Invocations
 19066 | Lair:3   | Reached skill level 2 in Dodging
 19271 | Lair:4   | Reached skill level 3 in Dodging
 19751 | Lair:4   | Reached skill level 4 in Dodging
 19759 | Lair:4   | Received a gift from Okawaru
 19817 | Lair:4   | Reached skill level 5 in Dodging
 20464 | Lair:4   | Found a staircase to the Slime Pits.
 20557 | Lair:4   | Noticed Snorg
 20805 | Lair:5   | Entered Level 5 of the Lair of Beasts
 20820 | Lair:5   | Reached skill level 13 in Maces & Flails
 21306 | Lair:5   | Received a gift from Okawaru
 21479 | Lair:5   | You pick up a book of Necromancy and begin reading...
 21479 | Lair:5   | You add the spells Necrotise, Vampiric Draining and Agony
                  | to your library.
 21522 | Lair:5   | Reached XP level 14. HP: 99/169 MP: 3/21
 21935 | Lair:5   | Reached skill level 14 in Maces & Flails
 21966 | Lair:5   | HP: 35/170 [death yak (22)]
 22346 | Lair:5   | Received a gift from Okawaru
 22352 | Lair:5   | Reached skill level 19 in Fighting
 23100 | Lair:5   | Paralysed by a hornet for 2 turns
 23940 | D:10     | Killed Erolcha
 23940 | D:10     | Reached ****** piety under Okawaru
 23941 | D:10     | Acquired the +7 giant spiked club of Domination {freeze,
                  | Str+3 Dex+4}
 23941 | D:10     | Received a gift from Okawaru
 24196 | Orc:1    | Entered Level 1 of the Orcish Mines
 24275 | Orc:1    | Noticed Urug
 24289 | Orc:1    | Killed Urug
 24289 | Orc:1    | HP: 36/174 [warg (11)]
 24290 | Orc:1    | Reached skill level 20 in Fighting
 24290 | Orc:1    | Received a gift from Okawaru
 24325 | Orc:1    | Noticed Fannar
 24337 | Orc:1    | Killed Fannar
 24690 | Orc:1    | Noticed Erica
 24700 | Orc:1    | Killed Erica
 24823 | Orc:1    | Found a bloodstained altar of Trog.
 25071 | Orc:2    | Entered Level 2 of the Orcish Mines
 25357 | Orc:2    | Found a dark tunnel.
 25366 | Volcano  | Entered a volcano
 25737 | Volcano  | Found a burning altar of Makhleb.
 25756 | Volcano  | Reached skill level 15 in Maces & Flails
 25785 | Volcano  | Noticed a stone giant
 25790 | Volcano  | Killed a stone giant
 25986 | Orc:2    | Found a staircase to the Elven Halls.
 25995 | Orc:2    | Received a gift from Okawaru
 26238 | Orc:2    | Reached skill level 1 in Shapeshifting
 26422 | Orc:2    | Found Haer's Antique Armour Emporium.
 26563 | Orc:2    | Reached skill level 2 in Shapeshifting
 26900 | Orc:2    | Found Urphu's General Store.
 27064 | Orc:2    | Found Zas Irph's General Store.
 27076 | Orc:2    | Bought a scroll of teleportation for 33 gold pieces
 27076 | Orc:2    | Bought a potion of curing for 33 gold pieces
 27111 | Orc:2    | Reached XP level 15. HP: 165/183 MP: 11/22
 27121 | Orc:2    | Reached skill level 3 in Shapeshifting
 27150 | Orc:2    | HP: 31/183 [sun demon[an orc high priest] (18)]
 27568 | Orc:2    | Reached skill level 4 in Shapeshifting
 27569 | Orc:2    | HP: 39/183 [demonspawn (10)]
 27571 | Orc:2    | HP: 17/183 [kobold blastminer/bolt (12)]
 27998 | Orc:2    | Reached skill level 16 in Maces & Flails
 28207 | Orc:2    | Found Kugiab's Jewellery Shop.
 28207 | Orc:2    | Found Fihotaz's Antique Weapon Boutique.
 28224 | Orc:2    | Found a one-way gate leading to the halls of Pandemonium.
 28229 | Orc:2    | Reached skill level 5 in Shapeshifting
 28234 | Orc:2    | Bought a +4 ring of protection for 468 gold pieces
 28531 | D:10     | You pick up a book of the Moon and begin reading...
 28531 | D:10     | You add the spells Passage of Golubria, Silence and
                  | Lehudib's Crystal Spear to your library.
 28806 | D:11     | Found a stormy altar of Qazlal.
 29360 | D:11     | Identified a potion of experience
 29361 | D:11     | Reached skill level 7 in Shapeshifting
 29361 | D:11     | Reached XP level 16. HP: 192/192 MP: 19/23
 29787 | D:12     | Reached skill level 8 in Shapeshifting
 29961 | D:12     | Noticed Kirke
 29962 | D:12     | Noticed Jorgrun
 29978 | D:12     | Killed Kirke
 29984 | D:12     | Killed Jorgrun
 30484 | D:12     | Reached skill level 9 in Shapeshifting
 30647 | D:12     | Noticed Nergalle
 30657 | D:12     | Killed Nergalle
 31312 | D:13     | Reached skill level 10 in Shapeshifting
 31412 | D:13     | Found a sparkling altar of Nemelex Xobeh.
 31896 | D:13     | Noticed Nessos
 31901 | D:13     | Killed Nessos
 32756 | D:14     | Reached skill level 11 in Shapeshifting
 32807 | D:14     | You pick up a book of the Earth and begin reading...
 33015 | D:14     | You pick up a book of Spatial Translocations and begin
                  | reading...
 33015 | D:14     | You add the spells Blink, Momentum Strike and Lesser
                  | Beckoning to your library.
 34158 | D:14     | Found a gate to the Vaults.
 34170 | D:14     | Reached skill level 12 in Shapeshifting
 34170 | D:14     | Reached XP level 17. HP: 117/201 MP: 8/24
 34370 | D:15     | Entered Level 15 of the Dungeon
 34560 | D:15     | You pick up a book of Death and begin reading...
 35581 | D:15     | Reached skill level 13 in Shapeshifting
 35797 | D:15     | You pick up a book of the Earth and begin reading...
 36042 | D:15     | Found a staircase to the Depths.
 36389 | D:15     | Found an ancient bone altar of Kikubaaqudgha.
 36575 | Lair:1   | magus.rc [v1.9.6]
 36652 | Snake:1  | Entered Level 1 of the Snake Pit
 37068 | Snake:1  | Received a gift from Okawaru
 37253 | Snake:1  | Reached skill level 14 in Shapeshifting
 37360 | Snake:1  | Identified the +1 pair of gloves of the Constellations
                  | {+Blink Will- Regen+ Dex+3}
 38154 | Snake:2  | Found Ystoit's Assorted Antiques.
 38158 | Snake:2  | Found Zoubluiwn's Antique Weapon Shop.
 38158 | Snake:2  | Found Otsed's Magic Scroll Boutique.
 38169 | Snake:2  | Bought a scroll of blinking for 307 gold pieces
 38169 | Snake:2  | Found Damung's Armour Shop.
 38198 | Snake:2  | You pick up a book of Power and begin reading...
 38514 | Snake:2  | Received a gift from Okawaru
 38593 | Snake:2  | Reached skill level 15 in Shapeshifting
 39357 | Snake:2  | You fall into a shaft and drop 1 floor!
 39385 | Snake:3  | Noticed Agnes
 39392 | Snake:3  | Killed Agnes
 39436 | Snake:3  | Found Ickaimal's Magic Scroll Emporium.
 39887 | Snake:3  | You pick up a book of Spontaneous Combustion and begin
                  | reading...
 39887 | Snake:3  | You add the spells Inner Flame, Irradiate and Ignition to
                  | your library.
 39937 | Snake:3  | Reached skill level 16 in Shapeshifting
 40000 | Snake:3  | Reached XP level 18. HP: 210/210 MP: 25/25
 40463 | Snake:4  | Entered Level 4 of the Snake Pit
 40543 | Snake:4  | Reached skill level 6 in Dodging
 40933 | Snake:4  | Identified the +7 hand axe "Lum Qokh" {freeze, Dex+2}
 40979 | Snake:4  | Reached skill level 7 in Dodging
 41205 | Snake:4  | Found Rewn's Weapon Shoppe.
 41351 | Snake:3  | Bought 2 scrolls of blinking for 255 gold pieces
 41415 | Snake:4  | Reached skill level 8 in Dodging
 41526 | Snake:4  | Identified the serpent talisman of Dawn {Dex+3 SInv}
 41526 | Snake:4  | Noticed Aizul
 41583 | Snake:4  | Reached skill level 9 in Dodging
 41584 | Snake:4  | Noticed a quicksilver dragon
 41585 | Snake:4  | Received a gift from Okawaru
 41593 | Snake:4  | Killed a quicksilver dragon
 41616 | Snake:4  | Got a serpentine rune of Zot
 41749 | Snake:4  | Killed Aizul
 42018 | Shoals:1 | Entered Level 1 of the Shoals
 42026 | Shoals:1 | Reached skill level 10 in Dodging
 42682 | Shoals:1 | You pick up a book of Transmutation and begin reading...
 42752 | Shoals:1 | HP: 67/276 [merfolk/+0 halberd[a merfolk impaler] (8)]
 43277 | Shoals:1 | magus.rc [v1.9.6]
 43676 | Shoals:2 | Identified a scroll of acquirement
 43676 | Shoals:2 | Acquired the ring "Hugoaw" {^Contam +Blink rCorr Dex+6}
 44496 | Shoals:3 | Reached skill level 21 in Fighting
 44684 | Shoals:2 | Reached XP level 19. HP: 223/223 MP: 26/26
 44832 | Shoals:2 | Reached skill level 17 in Maces & Flails
 45059 | Shoals:2 | Found Evie's Book Shop.
 45508 | Shoals:4 | Entered Level 4 of the Shoals
 45666 | Shoals:4 | Identified the +3 leather armour "Gixuhy" {Fly}
 45670 | Shoals:4 | Found a blossoming altar of Fedhas.
 45922 | Shoals:4 | Learned a level 5 spell: Yara's Violent Unravelling
 46103 | Shoals:4 | Reached skill level 22 in Fighting
 46193 | Shoals:4 | You pick up a book of Scorching and begin reading...
 46193 | Shoals:4 | You add the spells Scorch and Flame Wave to your library.
 46248 | Shoals:4 | Found a sacrificial altar of Ru.
 46399 | Shoals:4 | You pick up a book of Party Tricks and begin reading...
 46399 | Shoals:4 | You add the spells Apportation, Jinxbite and Alistair's
                  | Intoxication to your library.
 46405 | Shoals:4 | Identified the +4 hand axe "Esuled" {drain, Int+3}
 46557 | Shoals:4 | Received a gift from Okawaru
 46704 | Shoals:4 | Identified +0 pearl dragon scales
 46712 | Shoals:4 | Reached skill level 18 in Maces & Flails
 46848 | Shoals:4 | Got a barnacled rune of Zot
 47117 | Vaults:1 | Entered Level 1 of the Vaults
 47201 | Vaults:1 | magus.rc [v1.9.6]
 47703 | Vaults:1 | Reached skill level 23 in Fighting
 47902 | Vaults:1 | Noticed a bone dragon
 47910 | Vaults:1 | Killed a bone dragon
 47914 | Vaults:1 | Reached XP level 20. HP: 241/241 MP: 20/27
 47951 | Vaults:1 | Got Bamurosm's Teachings on the Mortuary
 48162 | Vaults:1 | Received a gift from Okawaru
 48406 | Vaults:1 | Reached skill level 19 in Maces & Flails
 49554 | Vaults:2 | Reached skill level 24 in Fighting
 49626 | Vaults:2 | Found a magical portal.
 49701 | WizLab   | Entered Iskenderun's Mystic Tower
 50799 | Vaults:2 | Reached skill level 20 in Maces & Flails
 51072 | Vaults:3 | Reached skill level 25 in Fighting
 51214 | Vaults:3 | Received a gift from Okawaru
 51395 | Vaults:3 | Found Uxarph's Armour Boutique.
 51467 | Vaults:3 | Reached XP level 21. HP: 260/260 MP: 22/28
 51558 | Vaults:3 | Reached skill level 26 in Fighting
 51681 | Vaults:3 | Received a gift from Okawaru
 52006 | Vaults:3 | HP: 77/341 [deep troll[an ironbound preserver] (14)]
 52424 | Vaults:3 | Reached skill level 27 in Fighting
 52429 | Vaults:3 | Found a runed translucent door.
 52431 | Vaults:3 | Noticed Iwannabefree's ghost (veteran NaIE)
 52541 | Vaults:3 | Found a staircase to the Crypt.
 52745 | Vaults:3 | Reached skill level 1 in Throwing
 52771 | Vaults:3 | Reached skill level 2 in Throwing
 52856 | Vaults:3 | Reached skill level 3 in Throwing
 52978 | Vaults:3 | Reached skill level 4 in Throwing
 53077 | Vaults:4 | Found Alaoh's Book Emporium.
 53087 | Vaults:4 | Bought a book of Battle for 312 gold pieces
 53087 | Vaults:4 | You pick up a book of Battle and begin reading...
 53087 | Vaults:4 | You add the spells Fugue of the Fallen, Ozocubu's Armour
                  | and Manifold Assault to your library.
 53092 | Vaults:4 | Learned a level 4 spell: Manifold Assault
 53153 | Vaults:4 | Reached skill level 1 in Translocations
 53198 | Vaults:4 | Reached skill level 2 in Translocations
 53326 | Vaults:4 | Reached skill level 3 in Translocations
 53339 | Vaults:4 | Learned a level 2 spell: Blink
 53341 | Vaults:4 | Learned a level 1 spell: Apportation
 53346 | Vaults:4 | Learned a level 4 spell: Passage of Golubria
 53402 | Vaults:4 | Reached skill level 4 in Translocations
 53502 | Vaults:4 | Received a gift from Okawaru
 53582 | Vaults:4 | Reached skill level 5 in Translocations
 53943 | Vaults:4 | Reached skill level 6 in Translocations
 54124 | Vaults:4 | magus.rc [v1.9.6]
 54215 | Vaults:4 | Noticed Mara
 54219 | Vaults:4 | Noticed MackTheKnife's illusion
 54225 | Vaults:4 | Killed Mara
 54226 | Vaults:4 | Reached skill level 7 in Translocations
 54456 | Vaults:4 | Reached skill level 8 in Translocations
 54865 | Vaults:1 | Gained mutation: Your mind is acute. (Int +4, Str/Dex -1)
                  | [potion of mutation]
 54865 | Vaults:1 | Gained mutation: You are robust. (+10% HP) [potion of
                  | mutation]
 55068 | Elf:1    | Entered Level 1 of the Elven Halls
 55073 | Elf:1    | Reached XP level 22. HP: 302/302 MP: 20/29
 55147 | Elf:1    | Noticed Azrael
 55153 | Elf:1    | Killed Azrael
 55165 | Elf:1    | Reached skill level 9 in Translocations
 55419 | Elf:1    | You pick up a book of Spontaneous Combustion and begin
                  | reading...
 55569 | Elf:1    | You add the spells Shock, Static Discharge and Cigotuvi's
                  | Dreadful Rot to your library.
 55569 | Elf:1    | Got the Atlas of Turbulence
 55991 | Elf:1    | Got the Spellbook of Amassed Conflict
 56093 | Elf:2    | Reached skill level 10 in Translocations
 56093 | Elf:2    | magus.rc [v1.9.6]
 56107 | Elf:2    | Found Reulykkota's Assorted Antiques.
 56113 | Elf:2    | Bought a potion of magic for 304 gold pieces
 56164 | Elf:2    | Found Magasesm's Book Shoppe.
 56198 | Elf:2    | Reached skill level 3 in Spellcasting
 56276 | Elf:2    | Reached skill level 1 in Hexes
 56365 | Elf:2    | Found a runed translucent gate.
 56366 | Elf:2    | Found a runed translucent gate.
 56366 | Elf:2    | Found a runed translucent gate.
 56472 | Elf:3    | Entered Level 3 of the Elven Halls
 56480 | Elf:3    | Reached skill level 2 in Hexes
 56634 | Elf:3    | Reached skill level 4 in Spellcasting
 56815 | Elf:3    | Received a gift from Okawaru
 56913 | Elf:3    | Reached skill level 3 in Hexes
 57031 | Elf:2    | Reached skill level 5 in Spellcasting
 57156 | Elf:2    | Found Azxetuen's Antique Weapon Shop.
 57290 | Elf:3    | Reached skill level 4 in Hexes
 57505 | Elf:3    | Reached skill level 6 in Spellcasting
 57620 | Elf:3    | Received a gift from Okawaru
 57739 | Elf:3    | Reached skill level 5 in Hexes
 57744 | Elf:3    | Reached skill level 7 in Spellcasting
 57750 | Elf:3    | Paralysed by an air elemental for 1 turns
 57756 | Elf:3    | Reached skill level 8 in Spellcasting
 57756 | Elf:3    | Reached skill level 6 in Hexes
 57878 | Elf:3    | Identified the +8 lajatang "Bithru" {flame, Str+2}
 57878 | Elf:3    | Identified the amulet "Ginam" {rF+ Regen+ Str+2}
 57915 | Elf:3    | You pick up a book of Geomancy and begin reading...
 57915 | Elf:3    | You add the spells Sandblast, Passwall, Stone Arrow and
                  | Brom's Barrelling Boulder to your library.
 57918 | Elf:3    | Got the Compilation of Fetid Guile
 57922 | Elf:3    | a deep elf annihilator comes into view. It is wielding the
                  | +5 scythe "Finisher" {speed, execute}.
 57937 | Elf:3    | Identified the amulet "Wuih" {Reflect *Corrode Dex+4 SH+5}
 57942 | Elf:3    | You pick up a book of Displacement and begin reading...
 57942 | Elf:3    | You add the spells Gell's Gravitas and Teleport Other to
                  | your library.
 57944 | Elf:3    | You pick up a book of the Dragon and begin reading...
 58131 | Elf:3    | You pick up a book of Frost and begin reading...
 58131 | Elf:3    | You add the spells Freeze and Frozen Ramparts to your
                  | library.
 58138 | Elf:3    | You add the spells Ozocubu's Refrigeration and Discord to
                  | your library.
 58247 | Elf:3    | Learned a level 4 spell: Leda's Liquefaction
 58499 | Depths:1 | Entered Level 1 of the Depths
 58500 | Depths:1 | magus.rc [v1.9.6]
 58614 | D:15     | magus.rc [v1.9.6]
 58618 | Depths:1 | Reached skill level 9 in Spellcasting
 58714 | D:15     | magus.rc [v1.9.6]
 58882 | Depths:1 | Noticed Nikola
 58887 | Depths:1 | Killed Nikola
 58888 | Depths:1 | Received a gift from Okawaru
 58889 | Depths:1 | Noticed a caustic shrike
 58895 | Depths:1 | Reached XP level 23. HP: 258/312 MP: 3/36
 58899 | Depths:1 | Reached skill level 9 in Alchemy
 58903 | Depths:1 | Killed a caustic shrike
 58907 | Depths:1 | Reached skill level 7 in Hexes
 58910 | Depths:1 | Noticed a golden dragon
 58916 | Depths:1 | Reached skill level 10 in Spellcasting
 58917 | Depths:1 | Identified the ring "Bam Uceg" {rC+ rN+}
 58925 | Depths:1 | HP: 93/405 [golden dragon (12)]
 58926 | Depths:1 | Killed a golden dragon
 58926 | Depths:1 | Identified +0 gold dragon scales
 59139 | Depths:1 | n - +0 gold dragon scales {rare}
 59208 | Depths:1 | Received a gift from Okawaru
 59214 | Depths:1 | Reached skill level 8 in Hexes
 59215 | Depths:1 | Reached skill level 10 in Alchemy
 59455 | Depths:1 | Acquired Great Wizards, Vol. II
 59456 | Depths:1 | You add the spells Borgnjor's Vile Clutch and Eringya's
                  | Noxious Bog to your library.
 59464 | Depths:1 | Learned a level 6 spell: Eringya's Noxious Bog
 59555 | Depths:1 | You pick up a book of Misfortune and begin reading...
 59561 | Depths:1 | Noticed a golden dragon
 59569 | Depths:1 | Killed a golden dragon
 59609 | Depths:1 | You add the spells Slow and Anguish to your library.
 59609 | Depths:1 | Got the Notes on Assistive Malisons
 59786 | Depths:1 | Found a gateway to Hell.
 59880 | Depths:1 | Found a portal to a secret trove of treasure.
 59885 | Trove    | Entered a treasure trove
 59902 | Trove    | Reached XP level 24. HP: 324/324 MP: 37/37
 59915 | Trove    | Identified the +4 giant spiked club of the Warrior {vamp,
                  | Will- Dex+5 SInv}
 59936 | Trove    | Identified the amulet "Qixi" {Will+ Regen+ Int+4}
 59938 | Trove    | Identified the amulet of Xom's Bemusement {Regen+ Str+5}
 59940 | Trove    | Identified the ring of the Komodo Dragon {Ice Fly MP+9
                  | Int+5}
 59981 | Depths:1 | Found a sacrificial altar of Ru.
 60149 | Depths:1 | Found a runed translucent gate.
 60149 | Depths:1 | Found a runed translucent gate.
 60150 | Depths:1 | Found an iron altar of Okawaru.
 60150 | Depths:1 | Found a runed translucent gate.
 60150 | Depths:1 | Noticed a dread lich
 60228 | Depths:1 | Noticed Bahe's ghost (veteran DgCj)
 60265 | Depths:2 | Identified the +5 battleaxe of the Imbibing Badger {flame,
                  | Str+3}
 60419 | Depths:2 | You pick up a book of Blood and begin reading...
 60621 | Depths:2 | Reached skill level 11 in Dodging
 61104 | Depths:2 | Reached skill level 11 in Alchemy
 61308 | Depths:2 | Noticed Vv
 61319 | Depths:2 | Killed Vv
 61411 | Depths:2 | Found Alefaits's Weapon Emporium.
 61908 | Depths:3 | Noticed a dread lich
 61911 | Depths:3 | Killed a dread lich
 62021 | Depths:3 | Noticed Boris
 62028 | Depths:3 | Reached skill level 21 in Maces & Flails
 62033 | Depths:3 | Killed Boris
 62115 | Depths:3 | Reached XP level 25. HP: 334/334 MP: 37/37
 62119 | Depths:3 | Reached skill level 12 in Dodging
 62379 | Depths:3 | Reached skill level 12 in Alchemy
 62398 | Depths:3 | HP: 105/425 [spriggan defender zombie (4)]
 62404 | Depths:3 | HP: 102/425 [spriggan defender zombie (7)]
 62704 | Depths:3 | You fall into a shaft and drop 1 floor!
 62704 | Depths:4 | Entered Level 4 of the Depths
 62932 | Depths:3 | Noticed Margery
 62941 | Depths:3 | Killed Margery
 63055 | Depths:3 | Found a one-way gateway to a ziggurat.
 63177 | Depths:3 | Found a one-way gate to the infinite horrors of the Abyss.
 63376 | Depths:3 | Identified +0 gold dragon scales
 63377 | Depths:3 | Reached skill level 13 in Dodging
 63770 | Depths:4 | Identified +0 gold dragon scales
 63797 | Depths:4 | Noticed a juggernaut
 63803 | Depths:4 | Killed a juggernaut
 63893 | Depths:4 | Identified the +11 short sword of Defiance {freeze, rPois
                  | rF- rN+ Dex+3}
 64059 | Depths:4 | Reached skill level 22 in Maces & Flails
 64490 | Depths:4 | Identified the +8 mace of Fear {antimagic, rPois Str+4
                  | Dex+2}
 64521 | Depths:4 | Reached skill level 14 in Dodging
 64633 | Depths:4 | Received a gift from Okawaru
 64716 | Depths:4 | Found a gate to the Realm of Zot.
 64865 | Zig:1    | Entered Level 1 of a ziggurat
 64890 | Zig:2    | Entered Level 2 of a ziggurat
 65100 | Zig:2    | You pick up a book of Frost and begin reading...
 65107 | Zig:3    | Entered Level 3 of a ziggurat
 65194 | Zig:3    | Identified the +3 flail of Mana {venom, rPois rC+}
 65198 | Zig:3    | Got Toib's Lessons on Displaced Hoarfrost
 65211 | Zig:3    | Learned a level 4 spell: Vhi's Electric Charge
 65213 | Zig:4    | Entered Level 4 of a ziggurat
 65277 | Zig:4    | Identified the +1 orcbow "Foffoteh" {elec, Str+4 Dex+3}
 65289 | Zig:5    | Entered Level 5 of a ziggurat
 65378 | Zig:5    | Identified +2 pearl dragon scales
 65379 | Zig:5    | l - +2 pearl dragon scales {rare=g}
 65401 | Zig:6    | Entered Level 6 of a ziggurat
 65417 | Zig:6    | Reached skill level 15 in Dodging
 65527 | Zig:6    | Identified the +3 ring mail "Vouzirch" {Regen+ Int+2 Dex-4}
 65540 | Zig:7    | Entered Level 7 of a ziggurat
 65612 | Zig:7    | Identified the +10 falchion "MackTheKnife's Peril"
                  | {protect, Stlth+}
 65621 | Zig:7    | You pick up a book of Hexes and begin reading...
 65634 | Zig:8    | Entered Level 8 of a ziggurat
 65778 | Zig:8    | Identified the +1 cloak of Spite {Int+3}
 65791 | Zig:8    | You pick up a book of the Dragon and begin reading...
 65794 | Zig:8    | Identified the +6 quarterstaff "Ofuqaps" {heavy, Stlth+}
 65799 | Zig:8    | Identified the staff "Pexamy" {rElec rPois rF- Str+3 SInv
                  | Alchemy}
 65806 | Zig:8    | Identified the +4 flail of Pariam {heavy, rPois MP-9 Str+4
                  | Int+2}
 65814 | Zig:8    | Identified the +5 broad axe "Bikeeduus" {antimagic, rPois
                  | Int-4 SInv}
 65820 | Zig:9    | Entered Level 9 of a ziggurat
 65830 | Zig:9    | Reached XP level 26. HP: 345/345 MP: 20/37
 65840 | Zig:9    | Reached skill level 16 in Dodging
 65946 | Zig:9    | You pick up a book of Iron and begin reading...
 65950 | Zig:9    | Reached skill level 11 in Spellcasting
 65950 | Zig:9    | Reached XP level 27. HP: 355/355 MP: 37/38
 66316 | Lair:4   | Killed Snorg
 66397 | Lair:4   | Found a viscous altar of Jiyva.
 66834 | Slime:1  | Entered Level 1 of the Pits of Slime
 66964 | Slime:1  | Reached skill level 12 in Spellcasting
 67178 | Slime:5  | Entered Level 5 of the Pits of Slime
 67303 | Slime:5  | Noticed the Royal Jelly
 67315 | Slime:5  | Killed the Royal Jelly
 67316 | Slime:5  | Reached skill level 13 in Spellcasting
 67416 | Slime:5  | Identified the staff "Uxocucvu" {rF+ rN+ Necro}
 67421 | Slime:5  | Got a slimy rune of Zot
 67433 | Slime:5  | You pick up a book of Spectacle and begin reading...
 67433 | Slime:5  | You add the spells Volatile Blastmotes, Dazzling Flash,
                  | Starburst and Maxwell's Capacitive Coupling to your
                  | library.
 67450 | Slime:5  | Identified the staff "Oni's Doom" {rPois rC+ Dex+4 Alchemy}
 67643 | Slime:5  | You add the spells Fulminant Prism and Dimensional Bullseye
                  | to your library.
 67643 | Slime:5  | Got the Notes on Outbursts and the Curse
 67645 | Slime:5  | Got Efoprumi's Compilation of Cooperative Breccia
 68134 | Zot:1    | Entered Level 1 of the Realm of Zot
 68218 | Zot:2    | Reached skill level 14 in Spellcasting
 68330 | Zot:3    | You pick up a book of Hexes and begin reading...
 68355 | Zot:4    | Identified +0 gold dragon scales
 68357 | Zot:4    | +0 gold dragon scales {rare}; a golden dragon corpse
 68377 | Zot:5    | Entered Level 5 of the Realm of Zot
 68593 | Zot:5    | Got a prismatic gem with 833 turns to spare
 68619 | Zot:5    | Reached skill level 17 in Dodging
 68622 | Zot:5    | Noticed an orb of fire
 68632 | Zot:5    | Killed an orb of fire
 68639 | Zot:5    | Noticed an electric golem
 68677 | Zot:5    | Received a gift from Okawaru
 68682 | Zot:5    | HP: 115/461 [electric golem (5)]
 68685 | Zot:5    | Killed an electric golem
 68864 | Zot:5    | Reached skill level 18 in Dodging
 69116 | Zot:5    | Noticed an orb of fire
 69116 | Zot:5    | Got the Orb of Zot
 69151 | Zot:5    | Killed an orb of fire
 69161 | Zot:5    | +0 storm dragon scales {rare}; a +0 cloak; a storm dragon
                  | corpse
 69175 | Zot:5    | Reached skill level 19 in Dodging
 69231 | Zot:4    | +0 gold dragon scales {rare}; a golden dragon skeleton
 69285 | Zot:2    | Noticed Ufeats the pandemonium lord
 69340 | Depths:4 | Received a gift from Okawaru
 69352 | Depths:4 | Noticed Usastif the pandemonium lord
 69585 | D:13     | Noticed Weuwua the pandemonium lord
 69591 | D:13     | Killed Weuwua the pandemonium lord
 69593 | D:13     | Noticed an ancient lich
 69595 | D:13     | Killed an ancient lich
 69896 | D:$      | Escaped with the Orb!

Vanquished Creatures
  the Royal Jelly (Slime:5)
  A dread lich (Depths:3)
  2 orbs of fire (Zot:5)
  An ancient lich (D:13)
  Mara (Vaults:4)
  A juggernaut (Depths:4)
  Vv (Depths:2)
  Boris (Depths:3)
  Margery (Depths:3)
  11 Killer Klowns (Zot:5)
  A caustic shrike (Depths:1)
  6 golden dragons
  A pandemonium lord (D:13)
  Nikola (Depths:1)
  A bone dragon (Vaults:1)
  An electric golem (Zot:5)
  4 tentacled monstrosities
  Jorgrun (D:12)
  A hellephant (Depths:3)
  24 Orb Guardians
  An Ice Fiend (Zot:5)
  5 acid blobs
  2 liches (Depths:1)
  2 deep elf blademasters (Elf:3)
  2 walking frostbound tomes
  A walking divine tome (Depths:1)
  2 deep elf master archers
  A kraken (Shoals:2)
  2 quicksilver dragons
  10 sphinxes
  A titan (Depths:1)
  Kirke (D:12)
  2 death cobs
  4 tengu reavers
  2 shadow dragons
  Agnes (Snake:3)
  Aizul (Snake:4)
  4 storm dragons
  2 fenstrider witches
  A draconian monk (Zot:5)
  5 azure jellies
  9 rockslimes
  A daeva (Zig:7)
  11 deep elf sorcerers
  4 draconian knights
  4 fire giants
  3 protean progenitors
  8 nagarajas
  13 vault wardens
  2 draconian scorchers
  A draconian shifter (Zot:5)
  An iron dragon (Depths:1)
  4 deep elf elementalists (Elf:3)
  8 frost giants
  2 orc warlords
  A draconian stormcaller (Zig:9)
  4 formless jellyfish
  A cacodemon (Zig:7)
  2 draconian annihilators (Zig:9)
  6 ironbound thunderhulks
  5 spriggan defenders (Depths:3)
  A caustic shrike skeleton (Vaults:1)
  16 ironbound preservers
  9 quicksilver oozes
  7 vampire knights
  19 stone giants
  2 lorocyprocas
  5 green draconians
  6 black draconians
  3 deep elf demonologists
  An eleionoma (Zig:5)
  Nessos (D:13)
  3 red draconians
  8 spark wasps
  3 yellow draconians
  8 deep elf annihilators
  5 deep elf death magi
  A minotaur (Gauntlet)
  3 purple draconians
  4 white draconians
  Snorg (Lair:4)
  5 dire elephants (Vaults:4)
  Azrael (Elf:1)
  12 ettins
  12 fire dragons
  2 blizzard demons
  5 merfolk javelineers
  13 yaktaur captains
  4 deep elf high priests
  8 merfolk impalers
  4 jiangshi (Depths:3)
  2 entropy weavers
  2 spriggan zombies (Depths:3)
  13 great orbs of eyes
  An entropy weaver (shapeshifter) (Elf:3)
  A catoblepas (Lair:2)
  9 ice dragons
  Erolcha (D:10)
  3 ogre magi
  3 juggernaut simulacra (Vaults:1)
  4 salamander tyrants
  4 spriggan air magi
  4 rakshasas
  4 ghost crabs
  5 hydras
  Fannar (Orc:1)
  A hell beast (Zot:5)
  2 boulder beetles
  Erica (Orc:1)
  24 centaur warriors
  2 death knights (Vaults:3)
  7 vault guards
  12 ironbound frosthearts
  A demonspawn (Orc:2)
  An alligator snapping turtle (Shoals:2)
  24 dancing weapons
  6 anacondas
  8 death yaks
  A merfolk avatar (Shoals:4)
  7 merfolk aquamancers
  2 two-headed ogres
  5 naga warriors
  7 deep troll shamans
  8 deep troll earth magi
  A thrashing horror (Zig:7)
  2 satyrs
  9 spriggan berserkers
  Urug (Orc:1)
  3 hell hogs (Depths:2)
  5 shock serpents
  3 occultists
  7 vampire magi
  5 tengu warriors
  Nergalle (D:12)
  12 orc high priests
  3 hell knights (Depths:3)
  14 naga sharpshooters
  6 deep elf knights
  2 wretched stars (Zig:7)
  Sonja (D:10)
  4 salamander mystics
  2 shadow wraiths
  A fire crab (shapeshifter) (Elf:1)
  9 iron trolls
  14 sea snakes
  6 skysharks
  Lodul (D:10)
  A spriggan druid (Zig:5)
  3 swamp dragons
  67 deep trolls
  4 spark wasp zombies (Depths:3)
  An obsidian statue (Zig:8)
  A shadow demon (D:13)
  A goliath frog (Zig:4)
  3 glowing orange brains
  2 naga ritualists
  6 flayed ghosts
  Pikel (D:5)
  15 orc knights
  18 ironbound convokers
  21 harpies
  19 lindwurms
  19 deep elf zephyrmancers
  6 deep elf archers
  7 phantasmal warriors
  4 necromancers
  7 arcanists
  10 mana vipers
  23 deep elf pyromancers
  3 orange crystal statues (Zig:8)
  A fire giant zombie (Vaults:3)
  15 manticores
  9 cyclopes
  26 ugly things
  3 shining eyes
  3 tengu skeletons
  A frost giant zombie (Vaults:3)
  7 orc sorcerers
  4 moths of wrath
  13 salamanders
  An apocalypse crab (Zig:7)
  8 fauns
  22 elephants
  A worldbinder (Gauntlet)
  2 kobold blastminers
  5 guardian serpents
  6 water nymphs
  5 merfolk sirens
  3 smoke demons
  2 molten gargoyles (Volcano)
  11 naga magi
  A torpor snail (Lair:2)
  4 large abominations
  6 cane toads
  16 vault sentinels
  6 gargoyles
  A hellion (Depths:2)
  A rime drake (Lair:2)
  30 black mambas
  7 komodo dragons
  An unseen horror (D:12)
  A yaktaur zombie (Vaults:3)
  A komodo dragon (shapeshifter) (Depths:2)
  A freezing wraith (Vaults:3)
  An ice devil (Zot:5)
  3 tengu conjurers
  4 efreet
  46 yaktaurs
  2 kobold demonologists (D:9)
  A tormentor (Zig:7)
  Psyche (D:8)
  A red devil (Zot:4)
  A troll (shapeshifter) (Depths:1)
  3 meliai (D:15)
  A tyrant leech (Zig:5)
  6 wind drakes
  7 polar bears
  Prince Ribbit (Lair:2)
  26 merfolk
  9 hornets
  A hellwing (D:13)
  A glass eye (Slime:5)
  13 trolls
  28 blink frogs
  13 dream sheep
  A tarantella (Vaults:2)
  13 snapping turtles
  61 slime creatures
  12 spriggans
  A culicivora (Vaults:2)
  A culicivora (shapeshifter) (D:14)
  2 wraiths
  An air elemental (Elf:3)
  5 wyverns
  A ynoxinul (Orc:2)
  6 humans
  14 yaks
  6 fire elementals
  3 hogs (D:12)
  4 basilisks
  3 shadows
  3 starcursed masses (Zig:7)
  A neqoxec (Orc:2)
  11 vampire mosquitoes
  22 water elementals
  6 wargs
  2 redbacks
  2 fire bats (Volcano)
  4 golden eyes (Slime:1)
  3 steam dragons
  A death yak simulacrum (Lair:3)
  A redback simulacrum (D:15)
  An ogre zombie (Vaults:3)
  35 nagas
  5 small abominations (Gauntlet)
  A harpy simulacrum (D:15)
  4 acid dragons
  15 water moccasins
  3 hell hounds (Elf:1)
  A glowing shapeshifter skeleton (Vaults:1)
  49 orc warriors
  3 ettin simulacra (Depths:2)
  Pargi (Sewer)
  10 black bears
  2 sky beasts
  31 wolves
  27 centaurs
  7 boggarts
  15 ogres
  2 lemures (D:5)
  4 kobold brigands
  A brain worm (Sewer)
  A necrophage (D:4)
  3 gnoll sergeants
  6 scorpions
  13 bullfrogs
  4 wights (D:8)
  4 earth elementals
  10 killer bees
  An elephant simulacrum (Lair:3)
  2 vampire bats (D:15)
  4 howler monkeys
  5 electric eels
  6 lava snakes (Volcano)
  5 hounds
  A jelly (D:7)
  32 orc priests
  A gnoll bouda (D:6)
  A sleepcap (D:4)
  3 iguanas
  11 orc wizards
  A hound skeleton (D:4)
  3 adders
  13 gnolls
  A shadow imp (D:6)
  3 bombardier beetles
  2 worms
  2 dart slugs
  92 orcs
  10 ball pythons
  3 bat skeletons (D:15)
  2 bat zombies (D:15)
  2 endoplasms
  4 giant cockroaches
  9 goblins
  5 hobgoblins
  4 jackals (D:2)
  19 kobolds
  A quokka (D:5)
  3 bats
  5 frilled lizards (Sewer)
  6 rats
  3 aspiring fleshes
  5 tentacles (Shoals:2)
2017 creatures vanquished.

Vanquished Creatures (others)
  A frost giant (Depths:1)
  An ice devil (D:13)
  A hell hound (Elf:1)
  A centaur (D:11)
  8 tentacles (Shoals:2)
12 creatures vanquished.

Grand Total: 2029 creatures vanquished

Table legend:
 A = Non-vault XP
 B = Vault XP
 C = Vault XP percentage of total XP
 D = Non-vault monster count
 E = Vault monster count
 F = Vault count percentage of total count
                 A         B        C        D         E       F
            +---------+---------+-------+---------+---------+-------
      Total |  607172 |  495354 |  44.9 |    1284 |     684 |  34.8
            +---------+---------+-------+---------+---------+-------
        D:1 |      31 |       0 |   0.0 |      17 |       0 |   0.0
        D:2 |      28 |       4 |  12.5 |      13 |       2 |  13.3
        D:3 |      73 |       0 |   0.0 |      13 |       0 |   0.0
        D:4 |      86 |     115 |  57.2 |      13 |       5 |  27.8
        D:5 |     320 |    1037 |  76.4 |       9 |       3 |  25.0
        D:6 |     725 |     127 |  14.9 |      25 |       2 |   7.4
        D:7 |    1342 |     435 |  24.5 |      21 |       3 |  12.5
        D:8 |    2070 |    1836 |  47.0 |      33 |      21 |  38.9
        D:9 |    2384 |       0 |   0.0 |      24 |       0 |   0.0
       D:10 |    2025 |    4260 |  67.8 |      15 |      15 |  50.0
       D:11 |    2449 |       0 |   0.0 |      16 |       0 |   0.0
       D:12 |    5282 |    4720 |  47.2 |      21 |       6 |  22.2
       D:13 |    8882 |    1019 |  10.3 |      27 |       1 |   3.6
       D:14 |   11794 |    7219 |  38.0 |      31 |      13 |  29.5
       D:15 |    9928 |    8864 |  47.2 |      30 |      19 |  38.8
     Lair:1 |    1245 |    1089 |  46.7 |       5 |       4 |  44.4
     Lair:2 |   12204 |    1109 |   8.3 |      43 |       4 |   8.5
     Lair:3 |    2177 |    3023 |  58.1 |       7 |      11 |  61.1
     Lair:4 |   10583 |     959 |   8.3 |      34 |       1 |   2.9
     Lair:5 |   12623 |    7863 |  38.4 |      30 |      46 |  60.5
   Shoals:1 |   13827 |       0 |   0.0 |      29 |       0 |   0.0
   Shoals:2 |   18192 |     767 |   4.0 |      34 |       1 |   2.9
   Shoals:3 |   14276 |       0 |   0.0 |      28 |       0 |   0.0
   Shoals:4 |   18876 |   17288 |  47.8 |      43 |      33 |  43.4
    Snake:1 |   14413 |       0 |   0.0 |      29 |       0 |   0.0
    Snake:2 |   18110 |       0 |   0.0 |      38 |       0 |   0.0
    Snake:3 |   12435 |    4110 |  24.8 |      26 |       5 |  16.1
    Snake:4 |   11723 |   23276 |  66.5 |      25 |      27 |  51.9
    Slime:1 |    7963 |       0 |   0.0 |      27 |       0 |   0.0
    Slime:2 |    1877 |       0 |   0.0 |       2 |       0 |   0.0
    Slime:3 |    4684 |       0 |   0.0 |       4 |       0 |   0.0
    Slime:4 |    2219 |       0 |   0.0 |       2 |       0 |   0.0
    Slime:5 |    2907 |   17005 |  85.4 |       6 |      13 |  68.4
      Orc:1 |    1939 |    2812 |  59.2 |      30 |       7 |  18.9
      Orc:2 |    3628 |   14289 |  79.8 |      36 |      58 |  61.7
      Elf:1 |    8332 |   11573 |  58.1 |      19 |      21 |  52.5
      Elf:2 |   13785 |    5765 |  29.5 |      18 |       7 |  28.0
      Elf:3 |   19973 |   31355 |  61.1 |      33 |      27 |  45.0
   Vaults:1 |   26810 |   33901 |  55.8 |      44 |      49 |  52.7
   Vaults:2 |   34684 |   10046 |  22.5 |      60 |      15 |  20.0
   Vaults:3 |   41674 |   23586 |  36.1 |      59 |      31 |  34.4
   Vaults:4 |   26726 |   29371 |  52.4 |      40 |      31 |  43.7
   Depths:1 |   30662 |   47660 |  60.9 |      36 |      39 |  52.0
   Depths:2 |   20303 |   11449 |  36.1 |      22 |      14 |  38.9
   Depths:3 |   26974 |   59693 |  68.9 |      27 |      54 |  66.7
   Depths:4 |   36231 |   15730 |  30.3 |      35 |      15 |  30.0
      Zot:1 |    1392 |       0 |   0.0 |       1 |       0 |   0.0
      Zot:2 |    9490 |       0 |   0.0 |       9 |       0 |   0.0
      Zot:4 |    2220 |       0 |   0.0 |       1 |       0 |   0.0
      Zot:5 |   25426 |   81401 |  76.2 |      22 |      35 |  61.4
      Zig:1 |    1060 |       0 |   0.0 |       1 |       0 |   0.0
      Zig:2 |    1926 |       0 |   0.0 |       2 |       0 |   0.0
      Zig:3 |    2906 |       0 |   0.0 |       4 |       0 |   0.0
      Zig:4 |    4783 |       0 |   0.0 |       4 |       0 |   0.0
      Zig:5 |    5152 |       0 |   0.0 |       6 |       0 |   0.0
      Zig:6 |    6858 |       0 |   0.0 |       8 |       0 |   0.0
      Zig:7 |    7964 |       0 |   0.0 |      13 |       0 |   0.0
      Zig:8 |    6364 |    2625 |  29.2 |      23 |       4 |  14.8
      Zig:9 |   12157 |       0 |   0.0 |      11 |       0 |   0.0
      Sewer |       0 |     235 | 100.0 |       0 |      11 | 100.0
    Volcano |       0 |    3969 | 100.0 |       0 |      16 | 100.0
   Gauntlet |       0 |    3769 | 100.0 |       0 |      15 | 100.0
            +---------+---------+-------+---------+---------+-------

Skill      XL: |  1  2  3  4  5  6  7  8  9 10 11 12 13 14 15 16 17 18 19 20 21 22 23 24 25 26 27 |
---------------+----------------------------------------------------------------------------------+-----
Conjurations   | 1 2 |  2.2
Alchemy        | 3 5 8 10 11 12 | 12.0
Fighting       | 2 4 6 7 10 13 16 18 20 21 23 25 27 | 27.0
Maces & Flails | 3 5 8 10 12 13 15 16 18 20 21 22 | 22.0
Evocations     | 2 |  2.0
Invocations    | 6 10 | 10.0
Dodging        | 5 10 11 15 16 19 | 19.7
Shapeshifting  | 2 7 12 16 | 16.0
Throwing       | 4 |  4.1
Translocations | 8 10 | 10.0
Spellcasting   | 9 10 11 14 | 14.0
Hexes          | 6 8 |  8.0
Stealth        | |  1.4

Action                     |  1- 3 |  4- 6 |  7- 9 | 10-12 | 13-15 | 16-18 | 19-21 | 22-24 | 25-27 || total
---------------------------+-------+-------+-------+-------+-------+-------+-------+-------+-------++-------
  Melee: Dagger            |    22 |       |       |       |       |       |       |       |       ||    22
         Unarmed           |     1 |       |       |       |       |       |       |       |       ||     1
         Headbutt          |     4 |    19 |    46 |   125 |   208 |   176 |   224 |    74 |    64 ||   940
         Whip              |    32 |    72 |   192 |   601 |   536 |       |       |       |       ||  1433
         Punch             |       |     2 |     3 |     6 |    14 |       |       |       |       ||    25
         Giant spiked club |       |       |       |       |   258 |   824 |   983 |   673 |   871 ||  3609
  Throw: Dart              |       |    10 |       |       |       |       |       |       |       ||    10
         Throwing net      |       |       |       |     1 |       |       |       |       |       ||     1
   Cast: Sting             |    76 |    31 |    74 |     2 |       |       |       |       |       ||   183
         Olgreb's Toxic Ra |       |       |    15 |    92 |   122 |    82 |     6 |       |       ||   317
         Manifold Assault  |       |       |       |       |       |       |     2 |   230 |   325 ||   557
         Leda's Liquefacti |       |       |       |       |       |       |       |     1 |       ||     1
         Eringya's Noxious |       |       |       |       |       |       |       |       |     1 ||     1
 Invoke: Finesse           |       |       |       |       |     8 |    14 |    15 |     3 |     9 ||    49
         Heroism           |       |       |       |       |     7 |    15 |    24 |     6 |    11 ||    63
         Receive Weapon    |       |       |       |       |     1 |       |       |       |       ||     1
  Evoke: Wand              |       |       |    10 |     7 |     9 |     5 |    15 |     3 |     3 ||    52
    Use: Scroll            |     4 |     2 |     5 |     9 |    13 |    13 |     3 |     5 |    14 ||    68
         Potion            |     1 |     1 |     1 |    10 |    12 |     5 |     1 |     8 |    15 ||    54
   Stab: Paralysed         |       |       |    26 |     2 |    10 |       |       |       |       ||    38
         Sleeping          |       |       |     1 |       |     6 |     2 |     2 |       |     1 ||    12
         Petrified         |       |       |       |     3 |       |       |       |       |       ||     3
         Invisible         |       |       |       |       |    10 |       |       |       |       ||    10
         Distracted        |       |       |       |       |       |     1 |     1 |     2 |       ||     4
 Armour: Robe              |    53 |    61 |   141 |   345 |   499 |    14 |       |       |       ||  1113
         Acid dragon scale |       |       |       |       |       |   426 |       |       |       ||   426
         Skin              |       |       |       |       |       |   869 |  1389 |   399 |   556 ||  3213
  Dodge: Dodged            |    39 |    38 |    83 |   162 |   289 |   749 |   896 |   216 |   504 ||  2976
  Block: Other             |       |       |       |       |       |    31 |   251 |    24 |       ||   306
         Reflection        |       |       |       |       |       |     3 |    30 |     4 |       ||    37
   Form: Statue            |       |       |       |       |       |     1 |       |       |       ||     1

Illustrated notes

Table legend:
 A = Kills in this place as a percentage of kills in the entire game.
 B = Kills by you in this place as a percentage of kills by you in the entire game.
 C = Kills by friends in this place as a percentage of kills by friends in the entire game.
 D = Other kills in this place as a percentage of other kills in the entire game.
 E = Experience gained in this place as a percentage of experience gained in the entire game.
 F = Experience gained in this place divided by the number of levels of this place that you have seen.
                   A       B       C       D       E      F
               +-------+-------+-------+-------+-------+----------------------
         Total | 100.0 | 100.0 |   N/A | 100.0 | 100.0 | 17023.3
       Dungeon |  20.6 |  20.6 |   N/A |  50.0 |   8.2 | 6176.1
          Lair |   9.3 |   9.3 |   N/A |   0.0 |   4.7 | 10575.0
        Shoals |   8.5 |   8.5 |   N/A |   0.0 |   7.4 | 20806.5
     Snake Pit |   7.6 |   7.6 |   N/A |   0.0 |   7.5 | 21016.8
    Slime Pits |   2.7 |   2.7 |   N/A |   0.0 |   3.3 | 7331.0
  Orcish Mines |   6.6 |   6.6 |   N/A |   0.0 |   2.0 | 11334.0
   Elven Halls |   6.3 |   6.3 |   N/A |   0.0 |   8.1 | 30261.0
        Vaults |  16.6 |  16.6 |   N/A |   0.0 |  20.2 | 56699.5
        Depths |  12.3 |  12.3 |   N/A |  50.0 |  22.3 | 62695.8
           Zot |   3.6 |   3.6 |   N/A |   0.0 |  11.0 | 24654.6
      Ziggurat |   3.8 |   3.8 |   N/A |   0.0 |   4.6 | 5755.0
         Sewer |   0.6 |   0.6 |   N/A |   0.0 |   0.0 | 235.0
       Volcano |   0.8 |   0.8 |   N/A |   0.0 |   0.4 | 3969.0
      Gauntlet |   0.8 |   0.8 |   N/A |   0.0 |   0.3 | 3769.0
               +-------+-------+-------+-------+-------+----------------------

Table legend: (Time is in decaauts)
 A = Elapsed time spent in this place.
 B = Non-inter-level travel time spent in this place.
 C = Inter-level travel time spent in this place.
 D = Time resting spent in this place.
 E = Time spent auto-exploring this place.
 F = Levels seen in this place.
 G = Mean time per level.
                   A        B        C        D        E       F      G
               +--------+--------+--------+--------+--------+-----+--------+
         Total |  85001 |  78469 |   6532 |  14557 |  48397 |  66 | 1287.9 |
       Dungeon |  24027 |  21620 |   2407 |   4048 |  14074 |  15 | 1601.8 |
        Temple |      1 |      1 |      0 |      0 |      0 |   1 |    1.0 |
          Lair |  10328 |   9407 |    921 |   1745 |   5809 |   5 | 2065.6 |
        Shoals |   7155 |   6571 |    584 |   1207 |   3835 |   4 | 1788.8 |
     Snake Pit |   7868 |   7523 |    345 |   1246 |   4537 |   4 | 1967.0 |
    Slime Pits |   1156 |   1044 |    112 |    180 |    591 |   5 |  231.2 |
  Orcish Mines |   3754 |   3567 |    187 |   1087 |   1963 |   2 | 1877.0 |
   Elven Halls |   4766 |   4529 |    237 |    241 |   3289 |   3 | 1588.7 |
        Vaults |  11354 |  10792 |    562 |   2055 |   6828 |   4 | 2838.5 |
        Depths |   9717 |   8583 |   1134 |   1084 |   6153 |   4 | 2429.2 |
           Zot |   1641 |   1601 |     40 |    629 |    354 |   5 |  328.2 |
      Ziggurat |   1597 |   1597 |      0 |    607 |    498 |   9 |  177.4 |
         Trove |    113 |    113 |      0 |      0 |      0 |   1 |  113.0 |
         Sewer |    258 |    258 |      0 |     35 |    125 |   1 |  258.0 |
       Volcano |    606 |    606 |      0 |     79 |    185 |   1 |  606.0 |
        Wizlab |     22 |     22 |      0 |      0 |      9 |   1 |   22.0 |
      Gauntlet |    630 |    630 |      0 |    310 |    145 |   1 |  630.0 |
               +--------+--------+--------+--------+--------+-----+--------+

Top non-repeatable levels by time:
Vaults:1: 3624 daAuts
Depths:3: 3501 daAuts
Vaults:3: 2947 daAuts
  Lair:5: 2917 daAuts
   Orc:2: 2767 daAuts
    D:14: 2739 daAuts
Vaults:4: 2639 daAuts
 Snake:2: 2549 daAuts
  Lair:4: 2413 daAuts
   Elf:3: 2312 daAuts
Depths:1: 2248 daAuts
Shoals:3: 2209 daAuts
    D:15: 2190 daAuts
Depths:2: 2159 daAuts
Vaults:2: 2143 daAuts
